 Dungeon Crawl Stone Soup version 0.28.0-47-ge53b351184 (webtiles) character file.

Game seed: 6023113494609240321

450 Hrothgar the Sneak (level 6, -4/50 HPs)
             Began as a Draconian Brigand on Apr 27, 2022.
             Was a Believer of Nemelex Xobeh.
             Hit by a boomerang thrown by a wight (7 damage)
             ... on level 4 of the Dungeon.
             The game lasted 00:24:34 (2498 turns).

Hrothgar the Sneak (Draconian Brigand)              Turns: 2498, Time: 00:24:38

Health: -4/50      AC:  7    Str: 14    XL:     6   Next: 74%
Magic:  17/18      EV: 12    Int: 11    God:    Nemelex Xobeh [**....]
Gold:   157        SH:  0    Dex: 14    Spells: 5/9 levels left

rFire   . . .      SeeInvis .   r - +0 dagger (vamp)
rCold   . . .      Faith    .   (no shield)
rNeg    . . .      Spirit   .   (armour unavailable)
rPois   .          Reflect  .   (helmet restricted)
rElec   .          Harm     .   b - +0 cloak
rCorr   .          Rampage  .   (no gloves)
Will    .....                   (no boots)
Stlth   +++.......              (no amulet)
HPRegen 0.16/turn               j - ring of magical power
MPRegen 0.16/turn               (no ring)

@: about to teleport
A: AC +6, unfitting armour, cold-blooded
a: Renounce Religion, Draw Escape, Draw Destruction, Draw Summoning


You were on level 4 of the Dungeon.
You worshipped Nemelex Xobeh.
Nemelex Xobeh was pleased with you.
You visited 1 branch of the dungeon, and saw 4 of its levels.

You collected 157 gold pieces.

Inventory:

Hand Weapons
 r - a +0 vampiric dagger (weapon)
Missiles
 f - 15 poisoned darts (quivered)
 g - 4 silver boomerangs
Armour
 b - a +0 cloak (worn)
 n - a +0 buckler
Jewellery
 j - a ring of magical power (left hand)
Scrolls
 a - a scroll of fog
 p - a scroll of enchant weapon {unknown}
Potions
 c - 2 potions of might {unknown}
 h - a potion of curing {unknown}
 i - a potion of haste
 o - a potion of attraction {unknown}
 q - a potion of brilliance {unknown}


   Skills:
 * Level 2.8 Fighting
 * Level 2.8 Short Blades
 * Level 3.0 Throwing
 * Level 2.0 Dodging
 * Level 5.0 Stealth
 * Level 2.0 Spellcasting
 * Level 1.1 Conjurations
 * Level 1.3 Summonings
 * Level 1.1 Ice Magic
 * Level 1.5 Invocations


You had 5 spell levels left.
You knew the following spells:

 Your Spells              Type           Power      Damage    Failure   Level
a - Call Imp              Summ           4%         N/A       26%         2
b - Magic Dart            Conj           12%        1d3       19%         1
c - Freeze                Ice            12%        1d4       19%         1

Your spell library contained the following spells:

 Spells                   Type           Power      Damage    Failure   Level
 Call Canine Familiar     Summ           4%         N/A       45%         3
 Frozen Ramparts          Ice            6%         1d2       50%         3
 Mephitic Cloud           Conj/Pois/Air  1%         N/A       58%         3
 Portal Projectile        Hex/Tloc       2%         N/A       65%         3
 Hailstorm                Conj/Ice       3%         3d3       88%         4
 Anguish                  Hex/Necr       0%         N/A       96%         4
 Cause Fear               Hex            0%         N/A       96%         4
 Leda's Liquefaction      Hex/Erth       0%         N/A       96%         4
 Lightning Bolt           Conj/Air       1%         1d12      99%         5


Dungeon Overview and Level Annotations

Branches:
Dungeon (4/15)
 Temple: D:4-7

Altars:
Nemelex Xobeh
Okawaru

Shops:
D:3 [

Annotations:
D:4 Eustachio


Innate Abilities, Weirdness & Mutations

Your plain brown scales are hard. (AC +6)
You cannot fit into any form of body armour.
You are cold-blooded and may be slowed by cold attacks.


Message History

Okay, then.
You draw a card...
You have drawn Pain.
Press: ? - help, Shift-Dir - straight line, f - wight, p - orc
Aim: a wight, wielding a +0 scimitar and wearing a +0 robe of willpower (severely damaged)
The wight is unaffected.
Your killer bee stings the orc!
The orc dies!
Your killer bee stings the wight but does no damage.
Your killer bee stings the wight.
The wight hits you with a +0 scimitar.
* * * LOW HITPOINT WARNING * * *
The wight completely misses your killer bee.
Your life force feels restored.
Your Throwing skill increases to level 3!
Unknown command.
Your killer bee stings the wight but does no damage.
Your killer bee stings the wight. x2; Your killer bee stings the wight!
The wight is destroyed!
The wight throws a boomerang.
The boomerang hits you but does no damage.
The wight completely misses your killer bee.
Your Spellcasting skill increases to level 2!
Your killer bee barely misses the wight.
Your killer bee stings the wight.
The wight hits your killer bee with a +0 trident!
As you read the scroll of teleportation, it crumbles to dust.
You feel strangely unstable.
Your killer bee completely misses the wight.
Your killer bee closely misses the wight.
The wight barely misses your killer bee.
Your killer bee stings the wight but does no damage. x2
The wight throws a boomerang.
The boomerang closely misses you. The wight misses your killer bee.
Your killer bee barely misses the wight.
Your killer bee stings the wight.
The wight completely misses your killer bee.
Your killer bee stings the wight but does no damage.
Your killer bee barely misses the wight.
The wight throws a boomerang.
The boomerang hits you!
You die...
Your body disappears without a glow.

.................#
.≈♣...............#
P≈≈..........$....#
≈≈♣......)......#
.♣♣♣.........)....#
..≈.......yy.).§..##
.......g..z.z......#
............z......#
.......@...........#
.....................
#+#####<#...........###
#.# #.########'#....
#.# # .#.### #.# .# #
## #.# . #<# #.#.#


You could see 3 wights, a hobgoblin and 2 friendly killer bees.

Vanquished Creatures
  Sigmund (D:3)
  A bullfrog skeleton (D:4)
  2 adders
  2 worms (D:3)
  3 dart slugs
  An orc (D:4)
  5 ball pythons
  6 endoplasms
  6 giant cockroaches
  8 goblins
  9 hobgoblins
  8 jackals
  5 quokkas
  5 bats
  8 frilled lizards
  8 kobolds
  5 rats (D:1)
83 creatures vanquished.

Vanquished Creatures (collateral kills)
  2 wights (D:4)
  4 adders
  A worm (D:2)
  An orc (D:4)
  3 bats (D:2)
  2 endoplasms (D:2)
  2 giant cockroaches (D:2)
  2 goblins
  2 hobgoblins (D:2)
  A ball python (D:2)
  3 frilled lizards (D:2)
  2 kobolds
25 creatures vanquished.

Grand Total: 108 creatures vanquished

Notes
Turn   | Place    | Note
-------+----------+-------------------------------------------
     0 | D:1      | Hrothgar the Draconian Brigand began the quest for the Orb.
     0 | D:1      | Reached XP level 1. HP: 17/17 MP: 1/1
    69 | D:1      | Reached XP level 2. HP: 24/24 MP: 2/2
    93 | D:1      | Reached skill level 1 in Dodging
   100 | D:1      | Reached skill level 4 in Stealth
   277 | D:1      | Found a faded altar of an unknown god.
   281 | D:1      | Prayed at the altar of an unknown god.
   281 | D:1      | Became a worshipper of Nemelex Xobeh the Trickster
   281 | D:1      | Reached * piety under Nemelex Xobeh
   305 | D:1      | Reached XP level 3. HP: 15/29 MP: 3/3
   390 | D:1      | Received a gift from Nemelex Xobeh
  1156 | D:2      | Learned a level 2 spell: Call Imp
  1257 | D:2      | Reached XP level 4. HP: 37/37 MP: 4/4
  1375 | D:2      | Found an iron altar of Okawaru.
  1491 | D:2      | Reached skill level 1 in Spellcasting
  1811 | D:3      | Learned a level 1 spell: Magic Dart
  1829 | D:3      | Learned a level 1 spell: Freeze
  1898 | D:3      | Reached ** piety under Nemelex Xobeh
  1906 | D:3      | Got the Catalogue of the Captivating Birds
  1935 | D:3      | Found Vafuf's Antique Armour Boutique.
  2034 | D:3      | Reached XP level 5. HP: 35/42 MP: 6/6
  2106 | D:3      | Noticed Sigmund
  2169 | D:3      | Killed Sigmund
  2170 | D:3      | Reached skill level 1 in Summonings
  2170 | D:3      | Reached skill level 1 in Invocations
  2170 | D:3      | Reached XP level 6. HP: 28/50 MP: 8/8
  2364 | D:4      | Reached skill level 1 in Conjurations
  2384 | D:4      | Reached skill level 5 in Stealth
  2404 | D:4      | Noticed Eustachio
  2409 | D:4      | Noticed Eustachio
  2409 | D:4      | Eustachio changed into Eustachio the boggart
  2476 | D:4      | Received a gift from Nemelex Xobeh
  2485 | D:4      | Reached skill level 1 in Ice Magic
  2494 | D:4      | HP: 2/49 [wight/+0 scimitar (5)]
  2498 | D:4      | Hit by a boomerang thrown by a wight

Illustrated notes

Levels and vault maps discovered:
D:1:      elethiomel_arrival_infinity_welcomes_careful_drivers, layout_rooms,
          shapermc_ecumenical_altar_mp_vishouse, minmay_pentomino_v4
D:2:      layout_basic, basic_altar, minmay_joined_circles
D:3:      layout_basic, serial_shops, shop, minmay_stone_trees_medium,
          chequers_serial_rivers_micro_a, uniq_sigmund
D:4:      layout_basic, serial_bayou_pond_d, uniq_eustachio, uniq_blork_the_orc

Skill      XL: |  1  2  3  4  5  6 |
---------------+-------------------+-----
Dodging        | 1 2 |  2.0
Stealth        | 4 5 |  5.0
Throwing       | 2 3 |  3.0
Spellcasting   | 1 2 |  2.0
Summonings     | 1 |  1.3
Invocations    | 1 |  1.5
Conjurations   | 1 |  1.1
Ice Magic      | 1 |  1.1
Fighting       | |  2.8
Short Blades   | |  2.8

Action                   |  1- 3 |  4- 6 || total
-------------------------+-------+-------++-------
Melee: Dagger            |    63 |   108 ||   171
       Tailslap          |     6 |     8 ||    14
       Punch             |     1 |     2 ||     3
Throw: Dart              |    46 |    32 ||    78
 Cast: Call Imp          |     1 |    10 ||    11
       Freeze            |       |    11 ||    11
Invok: Draw Destruction  |     1 |     6 ||     7
       Draw Summoning    |     1 |     1 ||     2
       Draw Escape       |       |     1 ||     1
  Use: Scroll            |     5 |     8 ||    13
       Potion            |       |     2 ||     2
 Stab: Sleeping          |     8 |    10 ||    18
       Distracted        |       |     1 ||     1
Armor: Skin              |    18 |    76 ||    94
Dodge: Dodged            |    32 |    69 ||   101
